 Dungeon Crawl Stone Soup version 0.27.1-3-gb3d3a73c9e (webtiles) character file.

Game seed: 14421538232484150144

45 BinkBink the Skirmisher (level 3, 0/24 HPs)
             Began as a Gargoyle Monk on Oct 31, 2021.
             Slain by Crazy Yiuf (2 damage)
             ... on level 2 of the Dungeon.
             The game lasted 00:02:52 (2543 turns).

BinkBink the Skirmisher (Gargoyle Monk)             Turns: 2543, Time: 00:02:55

Health: 0/24       AC:  5    Str: 15    XL:     3   Next: 64%
Magic:  0/3        EV: 12    Int: 10    God:
Gold:   59         SH:  0    Dex: 12    Spells: 2/2 levels left

rFire    . . .     SeeInvis .   a - +0 mace
rCold    . . .     Faith    .   (no shield)
rNeg     + . .     Spirit   .   b - +0 robe
rPois    ∞         Reflect  .   (no helmet)
rElec    +         Harm     .   (no cloak)
rCorr    .         Rampage  .   (no gloves)
Will     .....                  (no boots)
Stlth    ++........             (no amulet)
HPRegen  0.08/turn              (no ring)
MPRegen  0.08/turn              (no ring)

@: no status effects
A: sickness immunity, AC +3, negative energy resistance 1, electricity
resistance, torment resistance 1, petrification resistance
a: no special abilities


You were on level 2 of the Dungeon.
You visited 1 branch of the dungeon, and saw 2 of its levels.

You collected 59 gold pieces.

Inventory:

Hand Weapons
 a - a +0 mace (weapon)
Armour
 b - a +0 robe (worn)
Jewellery
 c - a ring of fire
Scrolls
 e - 2 scrolls of identify {unknown}
 i - a scroll of magic mapping {unknown}
Potions
 d - a potion of flight {unknown}
 f - 2 potions of ambrosia {unknown}
 g - a potion of heal wounds {unknown}
 h - a potion of curing {unknown}
 j - a potion of resistance {unknown}
 k - a potion of berserk rage {unknown}


   Skills:
 + Level 3.7 Fighting
 + Level 3.5 Maces & Flails
 + Level 2.7 Dodging
 + Level 3.0 Stealth


You had 2 spell levels left.
You didn't know any spells.
Your spell library was empty.

Dungeon Overview and Level Annotations

Branches:
Dungeon (2/15)

Altars:
Gozag

Annotations:
D:2 Crazy Yiuf


Innate Abilities, Weirdness & Mutations

You are immune to sickness and miasma.
Your stone body is resilient. (AC +3)
You are immune to poison.
You resist negative energy. (rN+)
You are resistant to electric shocks. (rElec)
You are resistant to unholy torment.
You are immune to petrification.


Message History

You open the door.
There is an open door here.
e - 2 scrolls labelled VITUTA FEMA (gained 1)
You see here a +0 club.
There is an open door here.
Things that are here:
a +0 short sword; a stone A kobold comes into view.
It is wielding a +0 short sword.
The helpless kobold fails to defend itself.
You hit the kobold.
You kill the kobold!
No target in view!
Things that are here:
a +0 short sword; a kobold corpse
Found a mace.
Found a runed translucent door.
Crazy Yiuf shouts!
Things that are here:
a +0 short sword; a kobold corpse
There is an open door here.
Found a stone staircase leading down.
No target in view!
There is an open door here.
Things that are here:
a +0 short sword; a kobold corpse You open the door.
There is an open translucent door here.
You barely miss Crazy Yiuf. Crazy Yiuf barely misses you.
You hit Crazy Yiuf but do no damage.
Crazy Yiuf hits you with a +3 quarterstaff of chaos!
Ouch! That really hurt!
You feel your power leaking away.
You are too injured to fight recklessly!
You are too injured to fight recklessly!
You hit Crazy Yiuf.
Crazy Yiuf is moderately wounded.
Crazy Yiuf says, "Ice!"
Crazy Yiuf hits you with a +3 quarterstaff of chaos!
* * * LOW HITPOINT WARNING * * *
Crazy Yiuf freezes you.
You die...

...# #######
#.# ...#
#.....# #.#
.### #.....#
#.# ...#
#.....# #.#
...#####...###
#.#
...').†....#
#.#
...#########
##### #.# ...#
#..)# #.# ...#
#g@.# #.# ####
#...# #.#
##'## #.# ♣♣.♣
#.# ♣.♣♣ #.#
♣♣.♣ #.# ♣.♣♣
#.# ♣♣.♣♣
########.#
♣...♣♣
#........#


You could see Crazy Yiuf.

Vanquished Creatures
  A worm (D:2)
  2 dart slugs (D:1)
  4 bats
  3 endoplasms
  A giant cockroach (D:1)
  3 hobgoblins
  6 kobolds
  A quokka (D:2)
  4 ball pythons
  A frilled lizard (D:2)
  6 goblins
  6 rats (D:1)
38 creatures vanquished.

Notes
Turn   | Place    | Note
-------+----------+-------------------------------------------
     0 | D:1      | BinkBink the Gargoyle Monk began the quest for the Orb.
     0 | D:1      | Reached XP level 1. HP: 14/14 MP: 1/1
    67 | D:1      | Found a faded altar of an unknown god.
   364 | D:1      | Reached XP level 2. HP: 10/19 MP: 2/2
  1034 | D:1      | Reached XP level 3. HP: 14/23 MP: 3/3
  2215 | D:2      | Found an opulent altar of Gozag.
  2377 | D:2      | Found a runed translucent door.
  2378 | D:2      | Noticed Crazy Yiuf
  2543 | D:2      | Slain by Crazy Yiuf

Illustrated notes

Levels and vault maps discovered:
D:1:      sevenhm_arrival_forest_fort_small_6, layout_basic,
          hellmonk_ecumenical_altar_zigzags, hangedman_glass_teeth,
          chequers_jeans
D:2:      layout_basic, basic_altar, uniq_crazy_yiuf_cottage

Skill      XL: |  1  2  3 |
---------------+----------+-----
Stealth        | 3 |  3.0
Fighting       | |  3.7
Maces & Flails | |  3.5
Dodging        | |  2.7

Action                   || total
-------------------------++-------
Melee: Mace              ||   113
 Stab: Sleeping          ||    10
Armor: Robe              ||    35
Dodge: Dodged            ||    76
